 Dungeon Crawl Stone Soup version 0.30-a0-187-gd9c2deaf24 (webtiles) character file.

Game seed: 10574573430025652994

8324 funkygono the Arsonist (level 11, 0/59 HPs)
             Began as a Gargoyle Fire Elementalist on Oct 1, 2022.
             Was a Follower of Vehumet.
             Slain by a two-headed ogre
             ... wielding a +0 giant spiked club
              (27 damage)
             ... on level 10 of the Dungeon on Oct 3, 2022.
             The game lasted 00:27:14 (13227 turns).

funkygono the Arsonist (GrFE)                      Turns: 13227, Time: 00:27:15

Health: 0/59       AC: 23    Str: 12    XL:     11   Next: 29%
Magic:  26/34      EV: 12    Int: 20    God:    Vehumet [*.....]
Gold:   565        SH:  0    Dex: 10    Spells: 15/30 levels left

rFire   . . .      SeeInvis .    x - +3 whip (venom)
rCold   + . .      Faith    .    (no shield)
rNeg    + . .      Spirit   .    L - +2 steam dragon scales
rPois   ∞          Reflect  .    v - +2 helmet
rElec   +          Harm     .    H - +1 cloak
rCorr   .          Rampage  .    (no gloves)
Will    .....                    y - +2 pair of boots
Stlth   ++........               (no amulet)
HPRegen 0.29/turn                K - ring of protection from cold
MPRegen 0.24/turn                P - ring of magical power

@: no status effects
A: sickness immunity, AC +8, negative energy resistance 1, electricity
resistance, torment resistance 1, petrification resistance
a: Renounce Religion


You were on level 10 of the Dungeon.
You worshipped Vehumet.
Vehumet was aware of your devotion.
You visited 2 branches of the dungeon, and saw 11 of its levels.
You also visited: Sewer and Ossuary.

You collected 691 gold pieces.
You spent 126 gold pieces at shops.

Inventory:

Hand Weapons
 h - a +0 flail of electrocution
 k - a +0 whip
 s - a +0 whip of electrocution
 x - a +3 whip of venom (weapon)
 G - a +2 quarterstaff of chaos
Missiles
 I - a throwing net
Armour
 u - the +0 pair of boots "Bofof Nikkeh" {+Inv rPois rCorr}
   (You found it on level 3 of the Dungeon)

   rPois:     It protects you from poison.
   +Inv:      It lets you turn invisible.
   rCorr:     It protects you from acid and corrosion.
 v - a +2 helmet (worn)
 w - +0 swamp dragon scales
 y - a +2 pair of boots (worn)
 B - the +5 scale mail "Kugev" {Contam Harm rPois Str+7}
   (You found it on level 6 of the Dungeon)

   Str:       It affects your strength (+7).
   rPois:     It protects you from poison.
   Contam:    It causes magical contamination when unequipped.
   Harm:      It increases damage dealt and taken.
 H - a +1 cloak (worn)
 L - +2 steam dragon scales (worn)
 N - a +1 hat
 Q - a +2 buckler of protection
Jewellery
 K - a ring of protection from cold (left hand)
 P - a ring of magical power (right hand)
Wands
 f - a wand of mindburst (12)
 E - a wand of iceblast (6)
 F - a wand of charming (12)
Scrolls
 d - 3 scrolls of fear
 e - 7 scrolls of teleportation
 i - a scroll of silence
 t - 5 scrolls of vulnerability
 J - a scroll of magic mapping
 O - 2 scrolls of fog
Potions
 b - 2 potions of magic
 c - 4 potions of heal wounds
 g - 4 potions of curing
 j - 3 potions of mutation
 l - 2 potions of brilliance
 m - 2 potions of lignification
 n - 2 potions of resistance
 o - 2 potions of cancellation
 p - 2 potions of attraction
 q - a potion of invisibility {unknown}
 r - a potion of berserk rage {unknown}
 z - 4 potions of might
 A - 5 potions of flight
 C - a potion of haste
 D - a potion of ambrosia {unknown}


   Skills:
 + Level 2.8 Fighting
 + Level 2.0 Maces & Flails
 + Level 3.8 Dodging
 - Level 2.1 Stealth
 + Level 10.1 Spellcasting
 + Level 6.8 Conjurations
 + Level 1.1 Translocations
 + Level 10.4 Fire Magic
 + Level 1.2 Air Magic
 + Level 2.6 Earth Magic


You had 15 spell levels left.
You knew the following spells:

 Your Spells              Type           Power      Damage    Failure   Level
a - Foxfire               Conj/Fire      100%       2x1d9     1%          1
b - Scorch                Fire           100%       2d10      1%          2
c - Kindle Blastsparks    Fire/Tloc/Air  54%        2d14      3%          3
d - Flame Wave            Conj/Fire      44%        2d11      1%          4
e - Sticky Flame          Conj/Fire      44%        2d6       1%          4
f - Sandblast             Erth           40%        2d10      2%          1

Your spell library contained the following spells:

 Spells                   Type           Power      Damage    Failure   Level
 Inner Flame              Hex/Fire       31%        N/A       2%          3
 Ignite Poison            Fire/Tmut/Pois 24%        N/A       4%          3
 Ignition                 Fire           25%        3d9       99%         8


Dungeon Overview and Level Annotations

Branches:
Dungeon (10/15)            Temple (1/1) D:7           Sewer (visited)
Ossuary (visited)
   Lair: D:8-11         Orc: D:9-12

Altars:
Ashenzari
Dithmenos
Elyvilon
Fedhas
Gozag
Hepliaklqana
Kikubaaqudgha
Okawaru
Qazlal
Sif Muna
Trog
Uskayaw
Vehumet
Wu Jian
Xom
Yredelemnul
Zin
The Shining One

Shops:
D:5 *[=   D:7 [   D:10 (?*[

Annotations:
D:4 2 transporters, Inkie2's ghost, amateur VSEn
Temple 2 transporters


Innate Abilities, Weirdness & Mutations

You are immune to sickness and miasma.
Your stone body is resilient. (AC +8)
You are immune to poison.
You resist negative energy. (rN+)
You are resistant to electric shocks. (rElec)
You are resistant to unholy torment.
You are immune to petrification.


Message History

Confirm with . or Enter, or press ? or * to list all spells.
You conjure some foxfire!
The foxfire hits the two-headed ogre but does no damage.
The foxfire hits the two-headed ogre.
The two-headed ogre is lightly wounded.
The foxfire hits the two-headed ogre.
The two-headed ogre is lightly wounded.
The foxfire hits the two-headed ogre!
The two-headed ogre is lightly wounded.
Casting: Foxfire (safe; 1% risk of failure)
Confirm with . or Enter, or press ? or * to list all spells.
A cloud of volatile blastsparks flares up around you!
Casting: Kindle Blastsparks (dangerous; 3% risk of failure)
Confirm with . or Enter, or press ? or * to list all spells.
You miscast Kindle Blastsparks.
You are very lightly contaminated with residual magic.
Nothing appears to happen.
The two-headed ogre attacks as you move away!
The two-headed ogre closely misses you.
The two-headed ogre hits you but does no damage.
Your magical contamination has completely faded away.
Casting: Kindle Blastsparks (dangerous; 3% risk of failure)
Confirm with . or Enter, or press ? or * to list all spells.
You conjure some foxfire!
Casting: Foxfire (safe; 1% risk of failure)
Confirm with . or Enter, or press ? or * to list all spells.
Flames lash the two-headed ogre.
The two-headed ogre is moderately wounded.
The two-headed ogre's fire resistance burns away.
The foxfire hits the two-headed ogre.
The two-headed ogre is burned terribly!
The two-headed ogre is moderately wounded.
The foxfire hits the two-headed ogre!
The two-headed ogre is burned terribly!
The two-headed ogre is heavily wounded.
The two-headed ogre hits you with a +0 giant spiked club!
The two-headed ogre hits you with a +0 giant club!!
Casting: Scorch (safe; 1% risk of failure)
Confirm with . or Enter, or press ? or * to list all spells.
You conjure some foxfire!
The two-headed ogre hits you with a +0 giant spiked club!!
You die...

......#.##### #. .........#
#.. .......#.## ##### #.#
..........#########...###.#
).........##..............#
........#.................#
........#.................##
..........#....v...........#
.......#..#....O@..........#
.........##......v.........#
........###................#
........# ###..)...........#
.......### ##.............#
.........# ###..........##
....###....# ###........#
.#### ##.... ###.....## ##
##.. #.#...#


You could see a two-headed ogre (combustible, ally target).

Vanquished Creatures
  Gastronok (D:8)
  A two-headed ogre (D:9)
  A tengu warrior (D:9)
  A cyclops (D:9)
  Grinder (D:5)
  Prince Ribbit (D:5)
  2 shadows
  2 vampires
  2 wraiths
  Grum (D:8)
  A steam dragon (D:8)
  4 vampire mosquitoes (D:9)
  Menkaure (D:5)
  Pargi (Sewer)
  2 orc warriors (D:9)
  2 sky beasts (D:8)
  An ice beast (D:8)
  2 black bears
  2 wolves (D:8)
  4 centaurs
  2 gnoll sergeants
  6 bullfrogs
  2 necrophages (D:5)
  2 scorpions
  9 killer bees
  A howler monkey (D:8)
  2 jellies
  4 hounds
  A human zombie (Ossuary)
  4 orc priests
  Crazy Yiuf (D:5)
  Jessica (D:2)
  5 iguanas
  Ijyb (D:5)
  7 orc wizards
  3 mummies (Ossuary)
  12 gnolls
  7 adders
  A white imp (D:7)
  2 ufetubi
  6 worms
  3 dart slugs
  51 orcs
  7 ball pythons
  9 endoplasms
  4 giant cockroaches
  9 hobgoblins
  5 jackals
  10 kobolds
  2 quokkas
  15 bats
  4 frilled lizards
  7 goblins
  4 goblin zombies (Ossuary)
  A hobgoblin zombie (Ossuary)
  2 kobold zombies (Ossuary)
  17 rats
262 creatures vanquished.

Vanquished Creatures (collateral kills)
  A foxfire (D:7)
1 creature vanquished.

Vanquished Creatures (others)
  758 foxfires
  20 fungi (D:10)
  19 plants (D:10)
797 creatures vanquished.

Grand Total: 1060 creatures vanquished

Notes
Turn   | Place    | Note
-------+----------+-------------------------------------------
     0 | D:1      | funkygono the Gargoyle Fire Elementalist began the quest
                  | for the Orb.
     0 | D:1      | Reached XP level 1. HP: 10/10 MP: 3/3
   269 | D:1      | Reached XP level 2. HP: 15/15 MP: 3/5
   627 | D:1      | Reached XP level 3. HP: 19/19 MP: 2/6
   630 | D:1      | Learned a level 2 spell: Scorch
   634 | D:1      | Learned a level 3 spell: Kindle Blastsparks
  1448 | D:2      | Reached XP level 4. HP: 23/24 MP: 0/8
  1464 | D:1      | HP: 1/24 [gnoll/+0 flail (13)]
  1871 | D:2      | Reached XP level 5. HP: 28/28 MP: 1/9
  2135 | D:2      | Noticed Jessica
  2139 | D:2      | Killed Jessica
  2265 | D:2      | Learned a level 4 spell: Flame Wave
  3164 | D:3      | Reached XP level 6. HP: 32/32 MP: 7/11
  3323 | D:3      | Identified the +0 pair of boots "Bofof Nikkeh" {+Inv rPois
                  | rCorr}
  3474 | D:3      | Found a faded altar of an unknown god.
  3724 | D:3      | Reached skill level 1 in Maces & Flails
  3957 | D:4      | Found a transporter.
  3960 | D:4      | Noticed Inkie2's ghost (amateur VSEn)
  4013 | D:4      | Reached skill level 5 in Fire Magic
  4601 | D:4      | Found a hazy altar of Hepliaklqana.
  4633 | D:4      | Found a transporter.
  4809 | D:4      | Reached XP level 7. HP: 33/36 MP: 6/13
  5064 | D:4      | Found an iron altar of Okawaru.
  5100 | D:4      | Upgraded the game from 0.30-a0-172-gc5509c9e31 to
                  | 0.30-a0-177-g1cb5dbfd7a
  5165 | D:5      | Entered Level 5 of the Dungeon
  5165 | D:5      | Found Inidiwk's Assorted Antiques.
  5366 | D:5      | Found a glowing drain.
  5384 | Sewer    | Entered a sewer
  5501 | Sewer    | Noticed Pargi
  5530 | Sewer    | Killed Pargi
  5531 | Sewer    | Reached skill level 5 in Spellcasting
  5723 | D:5      | Noticed Ijyb
  5733 | D:5      | Killed Ijyb
  5966 | D:5      | Found a runed translucent door.
  5967 | D:5      | Noticed Crazy Yiuf
  5974 | D:5      | Killed Crazy Yiuf
  6041 | D:5      | Found Zuweah's Jewellery Shoppe.
  6074 | D:5      | Noticed Prince Ribbit
  6081 | D:5      | Killed Prince Ribbit
  6082 | D:5      | Reached XP level 8. HP: 42/42 MP: 5/16
  6235 | D:5      | Noticed Grinder
  6240 | D:5      | Killed Grinder
  6342 | D:5      | Found Ownib's Armour Shop.
  6433 | D:5      | Noticed Menkaure
  6436 | D:5      | Killed Menkaure
  6882 | D:5      | Identified a scroll of acquirement
  6882 | D:5      | Acquired an Everburning Encyclopedia
  7284 | D:6      | Identified the +5 scale mail "Kugev" {Contam Harm rPois
                  | Str+7}
  7590 | D:6      | Reached XP level 9. HP: 46/46 MP: 12/19
  7936 | D:6      | Learned a level 4 spell: Sticky Flame
  8047 | D:7      | Found a staircase to the Ecumenical Temple.
  8070 | D:7      | Found Ukhlun's Antique Armour Boutique.
  8122 | D:7      | Found a sand-covered staircase.
  8127 | Ossuary  | Entered an ossuary
  8610 | Ossuary  | Reached skill level 5 in Conjurations
  8877 | Temple   | Entered the Ecumenical Temple
  8877 | Temple   | Found a transporter.
  8877 | Temple   | Found a transporter.
  8879 | Temple   | Found a transporter.
  8879 | Temple   | Found a transporter.
  8894 | Temple   | Became a worshipper of Vehumet
  8935 | D:7      | Identified the +7 sling of Lampeics {flame, rF+ rN+ Int-4
                  | Dex+4}
  9317 | D:7      | Upgraded the game from 0.30-a0-177-g1cb5dbfd7a to
                  | 0.30-a0-187-gd9c2deaf24
  9827 | D:8      | Noticed Grum
  9840 | D:8      | Killed Grum
  9841 | D:8      | Reached skill level 1 in Fighting
 10102 | D:8      | Reached XP level 10. HP: 28/52 MP: 3/22
 10124 | D:8      | Reached * piety under Vehumet
 10124 | D:8      | Offered knowledge of Sandblast by Vehumet.
 10343 | D:8      | Noticed Gastronok
 10363 | D:8      | Killed Gastronok
 10933 | D:8      | Found a shimmering blue altar of Sif Muna.
 11171 | D:8      | Learned a level 1 spell: Sandblast
 11293 | D:9      | Noticed a cyclops
 11320 | D:9      | Killed a cyclops
 11413 | D:9      | Reached skill level 1 in Translocations
 11414 | D:9      | Reached skill level 1 in Air Magic
 11415 | D:9      | Reached skill level 10 in Fire Magic
 11656 | D:9      | Reached skill level 1 in Earth Magic
 12455 | D:9      | Noticed a two-headed ogre
 12466 | D:9      | Killed a two-headed ogre
 12467 | D:9      | Reached XP level 11. HP: 44/59 MP: 11/24
 12736 | D:10     | Entered Level 10 of the Dungeon
 12780 | D:10     | Found Kowuin's Antique Weapon Boutique.
 12780 | D:10     | Found Noackoz's Magic Scroll Shoppe.
 12794 | D:10     | Bought a scroll of enchant armour for 82 gold pieces
 12794 | D:10     | Bought a scroll of identify for 22 gold pieces
 12794 | D:10     | Bought a scroll of identify for 22 gold pieces
 12807 | D:10     | Found Wauwnios's Armour Boutique.
 12832 | D:10     | Found Oguism's General Store.
 12883 | D:10     | Noticed a two-headed ogre
 12884 | D:10     | Noticed a tengu warrior
 12898 | D:9      | Reached skill level 10 in Spellcasting
 13122 | D:9      | Killed a tengu warrior
 13227 | D:10     | Slain by a two-headed ogre

Illustrated notes

Levels and vault maps discovered:
D:1:      dpeg_arrival_ternary, layout_basic, minmay_rat_gold_closets
D:2:      layout_rooms, uniq_jessica
D:3:      layout_basic, shapermc_ecumenical_altar_mp_highgroup,
          grunt_decor_resistance, minmay_joined_circles
D:4:      layout_rooms, mainiacjoe_overflow_big_doors,
          nicolae_overflow_hidden_temple, gammafunk_ghost_stat_death
D:5:      layout_loops_corners, serial_shops, nicolae_shop_crystal, shop_statue,
          nicolae_shop_crystal, cheibrodos_sewer_entry_bend,
          lemuel_flame_loot_1, uniq_grinder, uniq_ijyb, uniq_menkaure,
          uniq_prince_ribbit1, uniq_crazy_yiuf_cottage
D:6:      layout_cave_pods, grunt_decor_one_mirror, dk_noncrumbling_3
D:7:      layout_cave_pools, minmay_temple_entry_proselytizer, enter_ossuary_2,
          serial_shops, shop_statue
D:8:      layout_basic, marbit_many_paths, uniq_grum, uniq_gastronok
D:9:      layout_loops_corners, nicolae_straight_to_the_point
D:10:     layout_cave_pods, grunt_lair_entry_orc_guard_hut, serial_shops, shop,
          nicolae_shop_bloodbath_and_beyond, shop,
          nicolae_shop_temple_entry_statues_fountains, shop_statue,
          minmay_radiant
Temple:   hellmonk_temple_divided_pantheon

Skill      XL: |  1  2  3  4  5  6  7  8  9 10 11 |
---------------+----------------------------------+-----
Fire Magic     | 4 5 6 7 9 10 | 10.4
Conjurations   | 2 3 4 5 6 |  6.8
Spellcasting   | 3 4 5 6 8 9 10 | 10.1
Maces & Flails | 1 2 |  2.0
Dodging        | 2 3 |  3.8
Fighting       | 1 2 |  2.8
Translocations | 1 |  1.1
Air Magic      | 1 |  1.2
Earth Magic    | 1 2 |  2.6
Stealth        | |  2.1

Action                   |  1- 3 |  4- 6 |  7- 9 | 10-12 || total
-------------------------+-------+-------+-------+-------++-------
Melee: Unarmed           |    10 |       |       |       ||    10
       Club              |       |     2 |       |       ||     2
       Flail             |       |    49 |       |       ||    49
       Whip              |       |       |    22 |    35 ||    57
 Cast: Foxfire           |    68 |   115 |   178 |    73 ||   434
       Scorch            |     2 |    26 |    41 |    25 ||    94
       Flame Wave        |       |       |     6 |    11 ||    17
       Kindle Blastspark |       |       |     5 |     4 ||     9
       Sandblast         |       |       |       |    18 ||    18
  Use: Scroll            |       |     7 |    15 |     7 ||    29
       Potion            |       |       |       |     2 ||     2
Armor: Robe              |    12 |    20 |    51 |     8 ||    91
       Steam dragon scal |       |       |       |    85 ||    85
Dodge: Dodged            |    20 |    52 |    42 |    78 ||   192

Table legend: (Time is in decaauts)
 A = Elapsed time spent in this place.
 B = Non-inter-level travel time spent in this place.
 C = Inter-level travel time spent in this place.
 D = Time resting spent in this place.
 E = Time spent auto-exploring this place.
 F = Levels seen in this place.
 G = Mean time per level.
                   A        B        C        D        E       F      G
               +--------+--------+--------+--------+--------+-----+--------+
         Total |  13266 |  12750 |    516 |   1172 |   9076 |  13 | 1020.5 |
       Dungeon |  12267 |  11751 |    516 |   1157 |   8403 |  10 | 1226.7 |
        Temple |     33 |     33 |      0 |      0 |      2 |   1 |   33.0 |
         Sewer |    281 |    281 |      0 |      0 |    231 |   1 |  281.0 |
       Ossuary |    684 |    684 |      0 |     15 |    440 |   1 |  684.0 |
               +--------+--------+--------+--------+--------+-----+--------+

Top non-repeatable levels by time:
     D:8: 1891 daAuts
     D:3: 1831 daAuts
     D:9: 1671 daAuts
     D:5: 1617 daAuts
     D:1: 1248 daAuts
     D:4: 1066 daAuts
     D:2: 1037 daAuts
     D:6: 920 daAuts
 Ossuary: 684 daAuts
     D:7: 671 daAuts
    D:10: 309 daAuts
   Sewer: 281 daAuts
  Temple: 33 daAuts
